 Dungeon Crawl Stone Soup version 0.27-a0-898-g810843a28d (webtiles) character file.

Game seed: 1703788939970376832

124 polve the Chopper (level 5, -8/70 HPs)
             Began as a Hill Orc Berserker on Apr 5, 2021.
             Was a Believer of Trog.
             Mangled by a two-headed ogre
             ... wielding a +0 giant spiked club
              (18 damage)
             ... on level 3 of the Dungeon.
             The game lasted 00:02:41 (2688 turns).

polve the Chopper (Hill Orc Berserker)              Turns: 2688, Time: 00:02:41

Health: -8/70      AC: 10    Str: 20    XL:     5   Next: 8%
Magic:  5/5        EV: 11    Int:  7    God:    Trog [**....]
Gold:   105        SH:  0    Dex: 11    Spells: 4/4 levels left

rFire    . . .     SeeInvis .   a - +0 hand axe
rCold    . . .     Faith    .   (no shield)
rNeg     + . .     Spirit   .   i - +1 ring mail {rN+}
rPois    .         Reflect  .   (no helmet)
rElec    .         Harm     .   (no cloak)
rCorr    .         Rampage  .   (no gloves)
Will     ++...                  (no boots)
Stlth    ..........             (no amulet)
HPRegen  1.21/turn              c - +4 ring of protection
MPRegen  0.09/turn              (no ring)

@: berserking, regenerating, very quick
A: no striking features
a: Renounce Religion, Berserk, Trog's Hand


You were on level 3 of the Dungeon.
You worshipped Trog.
Trog was pleased with you.
You visited 1 branch of the dungeon, and saw 3 of its levels.

You collected 105 gold pieces.

Inventory:

Hand Weapons
 a - a +0 hand axe (weapon)
Armour
 i - a +1 ring mail of positive energy (worn)
Jewellery
 c - a +4 ring of protection (left hand)
Scrolls
 d - a scroll of blinking {unknown}
Potions
 b - 2 potions of invisibility {unknown}
 f - 3 potions of curing {unknown}
 g - 2 potions of haste {unknown}
 h - a potion of attraction {unknown}


   Skills:
 + Level 4.6 Fighting
 * Level 6.0 Axes
 + Level 3.3 Armour
 - Level 1.5 Dodging


You had 4 spell levels left.
You didn't know any spells.
Your spell library was empty.

Dungeon Overview and Level Annotations

Branches:
Dungeon (3/15)

Altars:

Shops:
D:3 [


Message History

There is an open door here.
You open the door.
There is an open door here.
There is an open door here.
There is an open door here.
The two-headed ogre shouts in stereo!
A two-headed ogre is nearby!
Your skin crawls.
You feel strong-willed.
A red film seems to cover your vision as you go berserk!
You feel yourself moving faster!
You feel mighty!
You barely miss the two-headed ogre.
The two-headed ogre hits you with a +0 giant spiked club!
The two-headed ogre completely misses you.
You hit the two-headed ogre.
The two-headed ogre is lightly wounded.
You hit the two-headed ogre.
The two-headed ogre is lightly wounded.
The two-headed ogre completely misses you.
The two-headed ogre hits you with a +0 giant club!
You slash the two-headed ogre!
The two-headed ogre is moderately wounded.
You barely miss the two-headed ogre.
The two-headed ogre is moderately wounded.
The two-headed ogre barely misses you.
The two-headed ogre hits you but does no damage.
You hit the two-headed ogre.
The two-headed ogre is heavily wounded.
You slash the two-headed ogre!
The two-headed ogre is severely wounded.
The two-headed ogre hits you with a +0 giant spiked club!
The two-headed ogre hits you with a +0 giant club.
You slash the two-headed ogre!
The two-headed ogre is severely wounded.
You closely miss the two-headed ogre.
The two-headed ogre is severely wounded.
The two-headed ogre hits you with a +0 giant spiked club!!
* * * LOW HITPOINT WARNING * * *
The two-headed ogre hits you with a +0 giant club!!
You die...

....####.........#.........######
.#.## ##.......######.##### .###
##.....## #.# .# ##...## #.# .#
##'## #.# .# #.# #.# . #.# #.#
#.#########.# ...#.@....#.#
#.....O####.#.# ##...#.####.#.#
##. #.#......# # #.#.##.### ...
#.# #. #.# #. ..# ###


You could see a two-headed ogre.

Vanquished Creatures
  An iguana (D:3)
  2 adders
  A dart slug (D:1)
  4 orcs (D:3)
  6 bats
  2 endoplasms
  6 giant cockroaches
  6 goblins
  7 hobgoblins
  11 jackals
  7 kobolds
  A quokka (D:2)
  3 ball pythons
  6 frilled lizards
  6 rats
69 creatures vanquished.

Notes
Turn   | Place    | Note
-------+----------+-------------------------------------------
     0 | D:1      | polve the Hill Orc Berserker began the quest for the Orb.
     0 | D:1      | Reached XP level 1. HP: 19/19 MP: 1/1
   223 | D:1      | Reached XP level 2. HP: 24/27 MP: 2/2
   324 | D:1      | Found a faded altar of an unknown god.
   905 | D:2      | Reached XP level 3. HP: 29/33 MP: 3/3
  1157 | D:2      | Reached skill level 5 in Axes
  1166 | D:2      | Reached ** piety under Trog
  1339 | D:3      | Found Geerphene's Armour Boutique.
  1355 | D:3      | Reached XP level 4. HP: 40/40 MP: 4/4
  1562 | D:3      | Noticed a two-headed ogre
  2502 | D:3      | Reached skill level 6 in Axes
  2502 | D:3      | Reached XP level 5. HP: 43/47 MP: 5/5
  2688 | D:3      | Mangled by a two-headed ogre

Illustrated notes

Levels and vault maps discovered:
D:1:      dpeg_arrival_refuge, layout_basic,
          ebering_ecumenical_altar_sacrificial
D:2:      layout_rooms
D:3:      layout_loops_corners, serial_shops,
          nicolae_shop_competitors_out_of_business, minmay_quantized

Skill      XL: |  1  2  3  4 |
---------------+-------------+-----
Fighting       | 4 |  4.6
Axes           | 5 6 |  6.0
Armour         | 3 |  3.3
Dodging        | |  1.5

Action                   |  1- 3 |  4- 6 || total
-------------------------+-------+-------++-------
Melee: Hand axe          |   103 |   113 ||   216
Invok: Berserk           |     1 |     1 ||     2
       Trog's Hand       |       |     1 ||     1
Armor: Animal skin       |     1 |       ||     1
       Ring mail         |    73 |    56 ||   129
Dodge: Dodged            |    73 |    73 ||   146

Table legend: (Time is in decaauts)
 A = Elapsed time spent in this place.
 B = Non-inter-level travel time spent in this place.
 C = Inter-level travel time spent in this place.
 D = Time resting spent in this place.
 E = Time spent auto-exploring this place.
 F = Levels seen in this place.
 G = Mean time per level.
                   A        B        C        D        E       F      G
               +--------+--------+--------+--------+--------+-----+--------+
         Total |   2700 |   2601 |     99 |      4 |   2111 |   3 |  900.0 |
       Dungeon |   2700 |   2601 |     99 |      4 |   2111 |   3 |  900.0 |
               +--------+--------+--------+--------+--------+-----+--------+

Top non-repeatable levels by time:
     D:3: 1195 daAuts
     D:1: 857 daAuts
     D:2: 647 daAuts
